 Dungeon Crawl Stone Soup version 0.30.0-5-g1a98f26d00 (webtiles) character file.

Game seed: 12744112337031082790

460 Irreverend the Trooper (level 7, -6/54 HPs)
             Began as a Djinni Cinder Acolyte on May 8, 2023.
             Was a Priest of Ignis.
             Mangled by Duvessa
             ... wielding a +1 rapier of venom
              (15 damage)
             ... on level 4 of the Dungeon.
             The game lasted 00:09:30 (3974 turns).

Irreverend the Trooper (Djinni Cinder Acolyte)      Turns: 3974, Time: 00:09:31

Health: -6/54      AC:  2    Str: 13    XL:     7   Next: 28%
Gold:   221        EV: 11    Int: 17    God:    Ignis [***...] SH:  0 Dex:  9

rFire   + +          +
                       - Unarmed
rCold   x . .        (no shield)
rNeg    . . .        a - +0 robe
rPois   ∞            (no helmet)
rElec   .            (no cloak)
rCorr   .            (no gloves)
SInv    .            (boots unavailable)
Will    .....        (no amulet)
Stlth   +            (no ring)
HPRegen 0.29/turn    (no ring)
MPRegen 0.00/turn

%: infuse magic (-7 HP)
@: flying, very slightly contaminated
A: sickness immunity, fire resistance 2, cold vulnerability 1, float, innate
caster, HP casting, extra vitality 1
a: Renounce Religion, Fiery Armour, Foxfire Swarm


You were on level 4 of the Dungeon.
You worshipped Ignis.
Ignis was most pleased with you.
You visited 1 branch of the dungeon, and saw 4 of its levels.
You also visited: Sewer.

You collected 221 gold pieces.

Inventory:

Armour
 a - a +0 robe (worn)
Wands
 u - a wand of polymorph (5)
Scrolls
 b - a scroll of teleportation {unknown}
 c - a scroll of fog {unknown}
 e - a scroll of poison {unknown}
 l - 4 scrolls of identify {unknown}
 m - a scroll of fear {unknown}
 q - a scroll of enchant weapon {unknown}
 r - a scroll of brand weapon {unknown}
 t - 2 scrolls of torment {unknown}
 v - a scroll of magic mapping {unknown}
 w - a scroll of immolation {unknown}
Potions
 d - 3 potions of curing {unknown}
 f - a potion of haste {unknown}
 g - a potion of heal wounds {unknown}
 h - a potion of lignification {unknown}
 i - 3 potions of might {unknown}
 j - a potion of magic {unknown}
 k - a potion of brilliance {unknown}
 n - a potion of invisibility {unknown}
 o - 2 potions of attraction {unknown}
 p - a potion of cancellation {unknown}
 s - a potion of mutation {unknown}


   Skills:
 + Level 5.0 Fighting
 + Level 5.0 Unarmed Combat
 + Level 3.9 Spellcasting


You knew the following spells:

 Your Spells              Type           Power      Damage    Failure   Level
a - Scorch                Fire           32%        2d6       4%          2
b - Foxfire               Conj/Fire      64%        2x1d7     3%          1
c - Wereblood             Tmut           16%        N/A       4%          2
d - Dazzling Flash        Conj/Hex       32%        N/A       10%         3
Your spell library was empty.

Dungeon Overview and Level Annotations

Branches:
Dungeon (4/15)              Sewer (visited)
 Temple: D:4-7

Altars:
Ashenzari
Fedhas

Shops:
D:1 =   D:2 *

Annotations:
D:4 Duvessa


Innate Abilities, Weirdness & Mutations

You are immune to sickness and miasma.
You are immune to poison.
Your flesh is very heat resistant. (rF++)
You are vulnerable to cold. (rC-)
You float through the air rather than walking.
You learn spells naturally, not from books.
Your magical power is your life essence.
You have superior vitality. (+4 MHP)


Message History

Flames lash Duvessa.
Duvessa is lightly wounded.
Casting: Scorch (safe; 4% risk of failure)
Confirm with . or Enter, or press ? or * to list all spells.
You miscast Scorch.
You are very lightly contaminated with residual magic.
Nothing appears to happen.
Dowan casts a spell.
Dowan blinks!
Casting: Scorch (safe; 4% risk of failure)
Confirm with . or Enter, or press ? or * to list all spells.
Flames lash Dowan.
Dowan is moderately wounded.
Dowan's fire resistance burns away.
Dowan hits you with a +0 dagger.
Casting: Scorch (safe; 4% risk of failure)
Confirm with . or Enter, or press ? or * to list all spells.
Flames lash Dowan.
Dowan is burned terribly!
You kill Dowan!
Duvessa screams in rage.
Duvessa goes berserk!
Duvessa is no longer more vulnerable to fire.
Duvessa barely misses you.
Your Fighting skill increases to level 5!
Your Unarmed Combat skill increases to level 5!
Casting: Scorch (safe; 4% risk of failure)
Confirm with . or Enter, or press ? or * to list all spells.
Flames lash Duvessa.
Duvessa resists.
Duvessa is lightly wounded.
Duvessa's fire resistance burns away.
Duvessa hits you with a +1 rapier of venom!!
* * * LOW HITPOINT WARNING * * *
Duvessa closely misses you.
Casting: Scorch (safe; 4% risk of failure)
Confirm with . or Enter, or press ? or * to list all spells.
Flames lash Duvessa.
Duvessa is lightly wounded.
* * * LOW HITPOINT WARNING * * *
Duvessa misses you.
Duvessa hits you with a +1 rapier of venom!
You die...

####### #......
#>##### #.# #
######### #.#
........########.#####
####.......†.......
#.@..##############
#e##.......##~~####
#)##########~~~~~÷~
#.# ##~~#### #.#
#÷##~~# #.# #~#~.~~
....e...# #~#~~~~
####e#### #~##~~# #(
##~~####


You could see Duvessa (berserk, combustible).

Vanquished Creatures
  2 bullfrogs (Sewer)
  Dowan (D:4)
  Crazy Yiuf (D:3)
  Natasha (D:2)
  Terence (D:2)
  Robin (D:2)
  A river rat (D:4)
  9 adders
  A worm (D:4)
  2 dart slugs
  An orc (D:3)
  2 bats (D:3)
  4 endoplasms
  9 giant cockroaches
  15 goblins
  5 hobgoblins
  4 jackals (D:3)
  10 kobolds
  10 quokkas
  16 ball pythons
  6 frilled lizards (Sewer)
  5 rats
107 creatures vanquished.

Vanquished Creatures (collateral kills)
  A foxfire (D:3)
1 creature vanquished.

Vanquished Creatures (others)
  100 foxfires
100 creatures vanquished.

Grand Total: 208 creatures vanquished

Notes
Turn   | Place    | Note
-------+----------+-------------------------------------------
     0 | D:1      | Irreverend the Djinni Cinder Acolyte began the quest for
                  | the Orb.
     0 | D:1      | Irreverend set off with the following spells memorised:
                  | Scorch.
     0 | D:1      | Reached XP level 1. HP: 20/20 MP: 0/0
    46 | D:1      | Found Baisowk's One-of-a-Kind Rings.
   463 | D:1      | Reached XP level 2. HP: 25/25 MP: 0/0
   951 | D:2      | Noticed Terence
   957 | D:2      | Killed Terence
   958 | D:2      | Reached XP level 3. HP: 11/30 MP: 0/0
   958 | D:2      | Learned a level 1 spell: Foxfire
  1245 | D:2      | Found Atodin's General Store.
  1283 | D:2      | Reached XP level 4. HP: 25/36 MP: 0/0
  1706 | D:2      | Noticed Robin
  1714 | D:2      | Killed Robin
  1889 | D:2      | Noticed Natasha
  1896 | D:2      | Killed Natasha
  1897 | D:2      | Reached XP level 5. HP: 17/41 MP: 0/0
  1897 | D:2      | Learned a level 2 spell: Wereblood
  2584 | D:3      | Found a broken altar of Ashenzari.
  3028 | D:3      | Found a runed translucent door.
  3029 | D:3      | Noticed Crazy Yiuf
  3044 | D:3      | Killed Crazy Yiuf
  3202 | D:4      | Found a blossoming altar of Fedhas.
  3399 | D:4      | Reached XP level 6. HP: 46/47 MP: 0/0
  3412 | D:4      | Found a glowing drain.
  3429 | Sewer    | Entered a sewer
  3658 | Sewer    | Reached XP level 7. HP: 39/53 MP: 0/0
  3658 | Sewer    | Learned a level 3 spell: Dazzling Flash
  3960 | D:4      | Noticed Duvessa
  3960 | D:4      | Noticed Dowan
  3970 | D:4      | Killed Dowan
  3971 | D:4      | Reached skill level 5 in Fighting
  3971 | D:4      | Reached skill level 5 in Unarmed Combat
  3974 | D:4      | Mangled by Duvessa

Illustrated notes

Levels and vault maps discovered:
D:1:      scummos_arrival_hexagon, layout_loops_corners,
          nicolae_shop_unique_rings
D:2:      layout_loops_ring, serial_shops, shop_fountains, dk_vineyard_1,
          uniq_terence, uniq_robin, uniq_natasha
D:3:      layout_loops_ring, mainiacjoe_overflow_surrounded_room,
          kennysheep_cross_bottleneck, kennysheep_generic_room_9,
          uniq_crazy_yiuf_cottage
D:4:      layout_loops_ring, overflow_temple_1_default, gup_sewer_entry_bubbles,
          serial_shops, shop, uniq_eustachio, uniq_duvessa

Skill      XL: |  1  2  3  4  5  6  7 |
---------------+----------------------+-----
Spellcasting   | 3 |  3.9
Fighting       | 4 5 |  5.0
Unarmed Combat | 4 5 |  5.0

Action                     |  1- 3 |  4- 6 |  7- 9 || total
---------------------------+-------+-------+-------++-------
  Melee: Unarmed           |    26 |     4 |       ||    30
   Cast: Scorch            |    14 |    58 |     8 ||    80
         Foxfire           |     1 |    50 |     3 ||    54
 Invoke: Fiery Armour      |     1 |       |       ||     1
         Foxfire Swarm     |     1 |     2 |       ||     3
         Rising Flame      |     1 |       |       ||     1
 Armour: Robe              |     6 |     4 |       ||    10
  Dodge: Dodged            |    17 |    17 |     4 ||    38
